 Dungeon Crawl Stone Soup version 0.23-a0-890-gc183402 (webtiles) character file.

Game seed: 13165894911081645916

417 tidbits the Charmwright (level 6, 37/51 HPs)
             Began as a Gnoll Skald on Jan 28, 2019.
             Was a Follower of Yredelemnul.
             Quit the game on level 6 of the Dungeon.
             The game lasted 00:07:54 (950 turns).

tidbits the Charmwright (Gnoll Skald)                Turns: 950, Time: 00:07:54

Health: 37/51      AC:  4    Str: 13    XL:     6   Next: 92%
Magic:  14/14      EV: 14    Int: 18    God:    Yredelemnul [*.....]
Gold:   24         SH:  0    Dex: 14    Spells: 4/15 levels left

rFire    . . .     SeeInvis .   a - +0 spear
rCold    . . .     Gourm    .   (no shield)
rNeg     . . .     Faith    .   B - +1 leather armour
rPois    .         Spirit   .   (no helmet)
rElec    .         Reflect  .   (no cloak)
rCorr    .         Harm     .   (no gloves)
MR       .....                  (no boots)
Stlth    ++........             i - amulet of magic regeneration
HPRegen  0.17/turn              (no ring)
MPRegen  0.39/turn              (no ring)

@: no status effects
A: distributed training, fangs 1, strong nose
a: Animate Remains, Renounce Religion


You were on level 6 of the Dungeon.
You worshipped Yredelemnul.
Yredelemnul was aware of your devotion.
You were not hungry.

You visited 2 branches of the dungeon, and saw 7 of its levels.

You collected 66 gold pieces.
You spent 42 gold pieces at shops.

Inventory:

Hand Weapons
 a - a +0 spear (weapon)
 c - a +0 hunting sling
Missiles
 e - 29 stones (quivered)
Armour
 B - a +1 leather armour (worn)
Jewellery
 g - an uncursed ring of teleportation
   (You found it on level 4 of the Dungeon)
 i - an amulet of magic regeneration (around neck)
   (You found it on level 4 of the Dungeon)
Scrolls
 f - a scroll of remove curse
 l - a scroll of magic mapping {unknown}
 n - a scroll of fear
 o - 2 scrolls of fog
Potions
 b - 2 potions of might {unknown}
 h - 2 potions of brilliance {unknown}
 j - a potion of mutation {unknown}
 k - a potion of magic
 m - a potion of ambrosia
Comestibles
 d - a ration


   Skills:
 + Level 5.0 Fighting
 + Level 2.1 Short Blades
 + Level 2.1 Long Blades
 + Level 2.1 Axes
 + Level 2.1 Maces & Flails
 + Level 5.0 Polearms
 + Level 2.1 Staves
 + Level 2.1 Slings
 + Level 2.1 Bows
 + Level 2.1 Crossbows
 + Level 2.1 Throwing
 + Level 3.3 Armour
 + Level 5.0 Dodging
 + Level 2.1 Stealth
 + Level 2.1 Shields
 + Level 2.1 Unarmed Combat
 + Level 5.4 Spellcasting
 + Level 1.7 Conjurations
 + Level 1.7 Hexes
 + Level 5.7 Charms
 + Level 1.7 Summonings
 + Level 1.7 Necromancy
 + Level 1.7 Translocations
 + Level 1.7 Transmutations
 + Level 1.7 Fire Magic
 + Level 1.7 Ice Magic
 + Level 1.7 Air Magic
 + Level 1.7 Earth Magic
 + Level 1.7 Poison Magic
 + Level 2.3 Invocations
 + Level 2.1 Evocations


You had 4 spell levels left.
You knew the following spells:

 Your Spells              Type           Power        Failure   Level  Hunger
g - Shroud of Golubria    Chrm/Tloc      ###.......   5%          2    #......
i - Infusion              Chrm           ####         1%          1    None
r - Regeneration          Chrm/Necr      ###.......   11%         3    ##.....
w - Spectral Weapon       Hex/Chrm       ###.....     11%         3    ##.....
y - Song of Slaying       Chrm           ####....     2%          2    #......

Your spell library contained the following spells:

 Spells                   Type           Power        Failure   Level  Hunger


Dungeon Overview and Level Annotations

Branches:
Dungeon (6/15)             Temple (1/1) D:4

Altars:
Ashenzari
Dithmenos
Elyvilon
Gozag
Kikubaaqudgha
Makhleb
Nemelex Xobeh
Ru
Sif Muna
Trog
Uskayaw
Vehumet
Wu Jian
Yredelemnul
Zin
The Shining One

Shops:
D:4 !


Innate Abilities, Weirdness & Mutations

Your experience applies equally to all skills.
You have very sharp teeth.
Your uncanny sense of smell can sniff out nearby items.


Message History

Your spectral weapon fades away.
Found a stone staircase leading down.
An iguana comes into view.
Wield which item (- for none, * to show all)? (? for menu, Esc to quit)
That's the wrong kind of item! (Use * to select it.) Wield which item (- for none, * to show all)? (? for menu, Esc to quit)
Okay, then.
Unknown command.
Casting: Spectral Weapon (safe; 11% risk of failure)
Confirm with . or Enter, or press ? or * to list all spells.
You draw out your weapon's spirit!
Unknown command.
The iguana hisses angrily.
A howler monkey skeleton comes into view.
Casting: Spectral Weapon (safe; 11% risk of failure)
Confirm with . or Enter, or press ? or * to list all spells.
Space distorts slightly along a thin shroud covering your body.
Unknown command.
Found a stone staircase leading up.
Attack whom?
Press: ? - help, Dir - move target cursor, f - iguana
Aim: an iguana You reach to attack!
You hit the iguana but do no damage.
You barely miss the howler monkey skeleton.
Your spectral weapon hits the howler monkey skeleton.
The howler monkey skeleton closely misses you.
You hit the howler monkey skeleton.
The howler monkey skeleton is moderately damaged.
Your spectral weapon hits the howler monkey skeleton but does no damage.
The iguana closely misses you.
You hit the howler monkey skeleton.
The howler monkey skeleton is moderately damaged.
Your spectral weapon hits the howler monkey skeleton.
The howler monkey skeleton barely misses you.
The iguana closely misses you.
You hit the howler monkey skeleton.
The howler monkey skeleton is almost destroyed.
Your spectral weapon completely misses the howler monkey skeleton.
The howler monkey skeleton barely misses you.
The iguana barely misses you.
You hit the howler monkey skeleton.
You destroy the howler monkey skeleton!
The iguana bites you!
You hit the iguana.
The iguana is lightly wounded.
Your shroud begins to fray at the edges.
Your spectral weapon hits the iguana from afar.
The iguana completely misses you.
You barely miss the iguana.
The iguana is lightly wounded.
Your spectral weapon hits the iguana but does no damage.
You hit the iguana but do no damage.
The iguana is lightly wounded.
Your spectral weapon hits the iguana from afar!
The iguana bites you!
Your shroud falls apart!
Your leather armour prevents you from hitting the iguana.
The iguana is severely wounded.
Your spectral weapon closely misses the iguana.
The iguana bites you!
* * * LOW HITPOINT WARNING * * *
You hit the iguana but do no damage. Your bite misses the iguana.
The iguana is severely wounded.
Your spectral weapon hits the iguana from afar.
You kill the iguana!
Casting: Shroud of Golubria (safe; 5% risk of failure)
Confirm with . or Enter, or press ? or * to list all spells.
Your skin crawls.
Unknown command.
You see here an iguana corpse.
Your skin is crawling a little less now.
There is a stone staircase leading up here.
You climb upwards.
Your summoned ally is left behind.
Your spectral weapon fades away.
Found a scroll labeled JISIUGA QIASKU.
Found an escape hatch in the floor.
There is a stone staircase leading down here.
Your skin stops crawling.
You see here a scroll labeled JISIUGA QIASKU.
l - a scroll labeled JISIUGA QIASKU
There is a stone staircase leading down here.
You climb downwards.
There is a stone staircase leading up here.
Unknown command.
Unknown command.
Unknown command.
Unknown command.
You open the door.
Unknown command.
There is an open door here.
Found a hide-covered altar of Uskayaw and a faded altar of an unknown god.
Found a sacrificial altar of Ru.
Found a shattered altar of Ashenzari.
Found a radiant altar of Vehumet.
There is a faded altar of an unknown god here.
You cannot tell which god this altar belongs to.
Convert to them anyway?
Yredelemnul accepts your prayer! Yredelemnul welcomes you!
You can now animate remains.
Are you sure you want to abandon this character and quit the game? (Confirm with "yes".)

.....###.........####..######....
[................#.#....## ....
.........................#####...
......#.###..##..................
#.....##.....##..##.......##.#..
#.......$...###..##.......#
#.....###†.###............#
.#...####..###.###.......##
.#....#.^...##.#@#.......#.
............####.##.#.#.....#
.#...........##...#####..##%.
##...........#..#..###..## .#
.............#.###.#..... ..
............##.###.#..#.. ..
...#....>..##..._#.##.# ...
...##......#_....#..'.###....
##.........##..._#.##........


There were no monsters in sight!

Vanquished Creatures
  An ogre (D:4)
  A scorpion (D:6)
  A crimson imp (D:4)
  A hound (D:4)
  A jelly (D:6)
  2 iguanas (D:6)
  Natasha (D:3)
  3 worker ants
  An adder (D:6)
  A howler monkey skeleton (D:6)
  An ooze (D:3)
  An adder skeleton (D:6)
  A dart slug (D:4)
  A leopard gecko (D:1)
  An orc (D:4)
  A ball python (D:1)
  A hobgoblin (D:2)
  4 jackals
  2 kobolds (D:1)
  A bat (D:1)
  A frilled lizard (D:4)
  A rat (D:1)
29 creatures vanquished.

Vanquished Creatures (others)
  A spectral weapon (D:4)
1 creature vanquished.

Grand Total: 30 creatures vanquished

Notes
Turn   | Place    | Note
-------+----------+-------------------------------------------
     0 | D:1      | tidbits the Gnoll Skald began the quest for the Orb.
     0 | D:1      | Reached XP level 1. HP: 20/20 MP: 6/6
   169 | D:1      | Reached XP level 2. HP: 26/26 MP: 4/7
   173 | D:1      | Learned a level 2 spell: Song of Slaying
   176 | D:1      | Learned a level 2 spell: Shroud of Golubria
   288 | D:3      | Noticed Natasha
   290 | D:3      | Noticed a crimson imp
   300 | D:3      | Killed Natasha
   300 | D:3      | Reached skill level 5 in Spellcasting
   300 | D:3      | Reached XP level 3. HP: 16/31 MP: 3/9
   305 | D:3      | Learned a level 3 spell: Regeneration
   309 | D:3      | Learned a level 3 spell: Spectral Weapon
   355 | D:4      | Noticed an ogre
   404 | D:4      | Reached skill level 1 in Invocations
   415 | D:4      | Reached skill level 1 in Short Blades
   415 | D:4      | Reached skill level 1 in Long Blades
   415 | D:4      | Reached skill level 1 in Axes
   415 | D:4      | Reached skill level 1 in Maces & Flails
   415 | D:4      | Reached skill level 1 in Staves
   415 | D:4      | Reached skill level 1 in Slings
   415 | D:4      | Reached skill level 1 in Bows
   415 | D:4      | Reached skill level 1 in Crossbows
   415 | D:4      | Reached skill level 1 in Throwing
   415 | D:4      | Reached skill level 1 in Stealth
   415 | D:4      | Reached skill level 1 in Shields
   415 | D:4      | Reached skill level 1 in Unarmed Combat
   415 | D:4      | Reached skill level 1 in Evocations
   415 | D:4      | Reached XP level 4. HP: 25/38 MP: 8/11
   438 | D:4      | Found a staircase to the Ecumenical Temple.
   453 | D:4      | Reached skill level 1 in Conjurations
   453 | D:4      | Reached skill level 1 in Hexes
   453 | D:4      | Reached skill level 1 in Summonings
   453 | D:4      | Reached skill level 1 in Necromancy
   453 | D:4      | Reached skill level 1 in Translocations
   453 | D:4      | Reached skill level 1 in Transmutations
   453 | D:4      | Reached skill level 1 in Fire Magic
   453 | D:4      | Reached skill level 1 in Ice Magic
   453 | D:4      | Reached skill level 1 in Air Magic
   453 | D:4      | Reached skill level 1 in Earth Magic
   453 | D:4      | Reached skill level 1 in Poison Magic
   516 | D:4      | Reached XP level 5. HP: 29/43 MP: 7/12
   525 | Temple   | Entered the Ecumenical Temple
   646 | D:4      | Killed an ogre
   646 | D:4      | Reached skill level 3 in Armour
   649 | D:4      | Found Fuplu's Distillery.
   657 | D:4      | Bought a potion of lignification for 42 gold pieces
   663 | D:4      | Found a deep blue altar of Sif Muna.
   680 | D:5      | Entered Level 5 of the Dungeon
   754 | D:6      | Reached skill level 2 in Invocations
   754 | D:6      | Reached XP level 6. HP: 45/50 MP: 10/13
   789 | D:6      | Reached skill level 5 in Fighting
   789 | D:6      | Reached skill level 2 in Short Blades
   789 | D:6      | Reached skill level 2 in Long Blades
   789 | D:6      | Reached skill level 2 in Axes
   789 | D:6      | Reached skill level 2 in Maces & Flails
   789 | D:6      | Reached skill level 5 in Polearms
   789 | D:6      | Reached skill level 2 in Staves
   789 | D:6      | Reached skill level 2 in Slings
   789 | D:6      | Reached skill level 2 in Bows
   789 | D:6      | Reached skill level 2 in Crossbows
   789 | D:6      | Reached skill level 2 in Throwing
   789 | D:6      | Reached skill level 5 in Dodging
   789 | D:6      | Reached skill level 2 in Stealth
   789 | D:6      | Reached skill level 2 in Shields
   789 | D:6      | Reached skill level 2 in Unarmed Combat
   789 | D:6      | Reached skill level 2 in Evocations
   931 | D:6      | Found a hide-covered altar of Uskayaw.
   931 | D:6      | Found a faded altar of an unknown god.
   936 | D:6      | Found a sacrificial altar of Ru.
   938 | D:6      | Found a shattered altar of Ashenzari.
   939 | D:6      | Found a radiant altar of Vehumet.
   949 | D:6      | Became a worshipper of Yredelemnul the Dark
   949 | D:6      | Reached * piety under Yredelemnul
   950 | D:6      | Quit the game

Vault maps used:
D:1:      dpeg_arrival_arbitrary_b
D:2:      columned_hall_lemuel
D:3:      chequers_ecumenical_altar_island, chequers_serial_rivers_marsh,
          uniq_terence, uniq_natasha
D:4:      minmay_spotlight, overflow_temple_1_default,
          gammafunk_temple_overflow_elements, minmay_temple_entry_sparse_star,
          serial_shops, nicolae_shop_trees
D:5:      grunt_temple_overflow_open, first_ration, okawaru_ov_weapons_minmay
D:6:      chequers_temple_overflow_minitemple, bloody_trog
Temple:   jpeg_temple_alley_garden

Skill      XL: |  1  2  3  4  5  6 |
---------------+-------------------+-----
Spellcasting   | 5 |  5.4
Invocations    | 1 2 |  2.3
Short Blades   | 1 2 |  2.1
Long Blades    | 1 2 |  2.1
Axes           | 1 2 |  2.1
Maces & Flails | 1 2 |  2.1
Staves         | 1 2 |  2.1
Slings         | 1 2 |  2.1
Bows           | 1 2 |  2.1
Crossbows      | 1 2 |  2.1
Throwing       | 1 2 |  2.1
Stealth        | 1 2 |  2.1
Shields        | 1 2 |  2.1
Unarmed Combat | 1 2 |  2.1
Evocations     | 1 2 |  2.1
Conjurations   | 1 |  1.7
Hexes          | 1 |  1.7
Summonings     | 1 |  1.7
Necromancy     | 1 |  1.7
Translocations | 1 |  1.7
Transmutations | 1 |  1.7
Fire Magic     | 1 |  1.7
Ice Magic      | 1 |  1.7
Air Magic      | 1 |  1.7
Earth Magic    | 1 |  1.7
Poison Magic   | 1 |  1.7
Armour         | 3 |  3.3
Fighting       | 5 |  5.0
Polearms       | 5 |  5.0
Dodging        | 5 |  5.0
Charms         | |  5.7

Action                   |  1- 3 |  4- 6 || total
-------------------------+-------+-------++-------
Melee: Spear             |    39 |    79 ||   118
       Bite              |     2 |     9 ||    11
       Punch             |       |     2 ||     2
 Cast: Infusion          |     6 |       ||     6
       Spectral Weapon   |     2 |     9 ||    11
       Shroud of Golubri |       |     5 ||     5
       Regeneration      |       |     4 ||     4
  Use: Scroll            |     1 |     5 ||     6
       Potion            |       |     1 ||     1
 Stab: Sleeping          |     1 |       ||     1
       Distracted        |       |     1 ||     1
  Eat: Ration            |     1 |       ||     1
Armor: Leather armour    |     2 |     5 ||     7
       Skin              |       |    15 ||    15
Dodge: Dodged            |    18 |    23 ||    41

Table legend:
 A = Non-vault XP
 B = Vault XP
 C = Vault XP percentage of total XP
 D = Non-vault monster count
 E = Vault monster count
 F = Vault count percentage of total count
                 A         B        C        D         E       F
            +---------+---------+-------+---------+---------+-------
      Total |     507 |      89 |  14.9 |      25 |       4 |  13.8
            +---------+---------+-------+---------+---------+-------
        D:1 |      10 |       0 |   0.0 |       6 |       0 |   0.0
        D:2 |       2 |       0 |   0.0 |       1 |       0 |   0.0
        D:3 |       7 |      35 |  83.3 |       1 |       1 |  50.0
        D:4 |     201 |      54 |  21.2 |       6 |       3 |  33.3
        D:6 |     287 |       0 |   0.0 |      11 |       0 |   0.0
            +---------+---------+-------+---------+---------+-------

Table legend:
 A = Turns spent in this place as a percentage of turns spent in the entire game.
 B = Non-inter-level travel turns spent in this place as a percentage of non-inter-level travel turns spent in the entire game.
 C = Inter-level travel turns spent in this place as a percentage of turns spent in this place.
 D = Turns resting spent in this place as a percentage of non-inter-level travel turns spent in this place.
 E = Turns spent auto-exploring this place as a percentage of non-inter-level travel turns spent in this place.
 F = Non-inter-level travel turns spent in this place divided by the number of levels of this place that you've seen.
                   A       B       C       D       E      F
               +-------+-------+-------+-------+-------+----------------------
         Total | 100.0 | 100.0 |   5.1 |   0.0 |   0.0 | 128.9
       Dungeon |  91.8 |  95.5 |   1.3 |   0.0 |   0.0 | 143.5
        Temple |   8.2 |   4.5 |  47.4 |   0.0 |   0.0 |  41.0
               +-------+-------+-------+-------+-------+----------------------

Table legend:
 A = Kills in this place as a percentage of kills in entire the game.
 B = Kills by you in this place as a percentage of kills by you in the entire game.
 C = Kills by friends in this place as a percentage of kills by friends in the entire game.
 D = Other kills in this place as a percentage of other kills in the entire game.
 E = Experience gained in this place as a percentage of experience gained in the entire game.
 F = Experience gained in this place divided by the number of levels of this place that you have seen.
                   A       B       C       D       E      F
               +-------+-------+-------+-------+-------+----------------------
         Total | 100.0 | 100.0 |   N/A |   N/A | 100.0 |  85.1
       Dungeon | 100.0 | 100.0 |   N/A |   N/A | 100.0 |  99.3
               +-------+-------+-------+-------+-------+----------------------

Vault maps used:
D:1:      dpeg_arrival_arbitrary_b
D:2:      columned_hall_lemuel
D:3:      chequers_ecumenical_altar_island, chequers_serial_rivers_marsh,
          uniq_terence, uniq_natasha
D:4:      minmay_spotlight, overflow_temple_1_default,
          gammafunk_temple_overflow_elements, minmay_temple_entry_sparse_star,
          serial_shops, nicolae_shop_trees
D:5:      grunt_temple_overflow_open, first_ration, okawaru_ov_weapons_minmay
D:6:      chequers_temple_overflow_minitemple, bloody_trog
Temple:   jpeg_temple_alley_garden
